Cogmind - Beta 17 @@@ ROGUE MODE // 2026.06.25 @ 01:19:35 Player: Ammie Result: Self-destructed Performance ------------- Evolutions (0) 0 Regions Visited (4) 800 Robots Destroyed (26) 130 Value Destroyed (455) 455 Prototype IDs (23) 460 Alien Tech Used (0) 0 Bonus (300) 300 TOTAL SCORE: 2145 Bonus ------- Aligned with FarCom 300 Cogmind --------- Core Integrity 75/250 Matter 285/300 Energy 100/100 System Corruption 0% Temperature Cool (0) Movement Treading (240) Ox1 Location -9/Mines Parts ------- > --- POWER (1) -------- (None) > --- PROPULSION (2) --- Light Treads Light Treads > --- UTILITY (2) ------ High-capacity Storage Unit Trap Reconfigurator > --- WEAPON (2) ------- (None) > --- INVENTORY (20) --- Light Ion Engine Light Ion Engine Light Ion Engine Light Treads Improved Heat Sink Small Storage Unit EM Shotgun Small Laser Light Cannon Light Cannon Peak State ------------ > --- POWER ------------ Ion Engine > --- PROPULSION ------- Light Treads Light Treads > --- UTILITY ---------- High-capacity Storage Unit Trap Reconfigurator > --- WEAPON ----------- EM Shotgun EM Shotgun > --- INVENTORY -------- Light Ion Engine Light Ion Engine Light Ion Engine Light Treads Light Treads Light Treads Improved Heat Sink Small Storage Unit EM Shotgun Small Laser Light Cannon Light Cannon [Rating: 18] Favorites ----------- Power Ion Engine Engine Ion Engine Propulsion Light Treads Treads Light Treads Utility High-capacity Storage Unit Device Terrain Scanner Storage High-capacity Storage Unit Weapon EM Shotgun Energy Gun EM Shotgun Ballistic Gun Assault Rifle Ballistic Cannon Light Cannon Build | -11 -10 -10 -10 -9 ------- Run | Yrd Mat Min Exi Min Slots Evolved . | . . . . . Power . | . . . . . Propulsion . | . . . . . Utility . | . . . . . Weapon . | . . . . . Parts Attached 20 | 7 10 . 2 1 Power 3 | 1 2 . . . Engine 3 | 1 2 . . . Core . | . . . . . Reactor . | . . . . . Propulsion 5 | 2 2 . . 1 Treads 5 | 2 2 . . 1 Leg . | . . . . . Wheel . | . . . . . Hover . | . . . . . Flight . | . . . . . Utility 4 | 1 2 . 1 . Device 2 | . 1 . 1 . Storage 2 | 1 1 . . . Processor . | . . . . . Hackware . | . . . . . Protection . | . . . . . Artifact . | . . . . . Weapon 8 | 3 4 . 1 . Energy Gun 5 | 2 2 . 1 . Energy Cannon . | . . . . . Ballistic Gun 1 | 1 . . . . Ballistic Cannon 2 | . 2 . . . Launcher . | . . . . . Special Weapon . | . . . . . Impact Weapon . | . . . . . Slashing Weapon . | . . . . . Piercing Weapon . | . . . . . Special Melee Weapon . | . . . . . Unidentified Prototypes . | . . . . . Parts Lost 7 | . 2 . . 5 Power 1 | . . . . 1 Propulsion 2 | . . . . 2 Utility . | . . . . . Weapon 4 | . 2 . . 2 Highest Loss Streak 5 | . 1 . . 5 To Critical Strikes . | . . . . . Average Backups 10 | 1 9 13 12 12 Power 2 | . 2 3 3 3 Propulsion 2 | . 2 3 3 3 Utility 1 | . 1 2 2 2 Weapon 3 | . 3 5 4 4 Tool/Special . | . . . . . Unused Backups 3 | . . . . 3 Power 1 | . . . . 1 Propulsion . | . . . . . Utility 1 | . . . . 1 Weapon 1 | . . . . 1 Tool/Special . | . . . . . Average Slot Usage (%) 96 | . 97 85 97 89 Engine 14 | . 14 14 14 14 Treads 28 | . 28 28 28 28 Device 13 | . 13 14 14 14 Storage 14 | . 14 14 14 14 Energy Gun 20 | . 20 14 25 17 Ballistic Cannon 3 | . 5 . . . Peak Build Rating 18 | 6 10 8 18 18 Average Rating 9 | 4 8 8 12 15 On Entrance 8 | . 6 8 8 18 Avg Prop Armor Cover (%) . | . . . . . Naked Turns . | . . . . . Heaviest Build 52 | 12 52 49 52 52 Greatest Support 40 | 40 40 40 40 40 Greatest Overweight (x) 1 | . 1 1 1 1 Average Overweight (x) . | . . 1 1 1 Largest Inventory Capacity 20 | 8 20 20 20 20 Average Capacity 19 | 7 19 20 20 20 Most Carried 13 | 2 13 13 13 12 Average Carried 10 | 1 9 13 12 11 Final Capacity 20 | 8 20 20 20 20 Final Carried 13 | 2 13 13 12 10 Class Distribution -------------------- 100% | Mutant Dominant Class ---------------- Mutant | -10/Materials Mutant | -10/Mines Mutant | -10/Exiles Mutant | -9/Mines Resources | -11 -10 -10 -10 -9 ----------- Run | Yrd Mat Min Exi Min Matter Collected 533 | 218 315 . . . Remotely . | . . . . . Salvage Created 663 | . 663 . . . Parts 44 | . 44 . . . Haulers Intercepted 1 | . 1 . . . Recyclers Shooed 1 | . 1 . . . Parts Field Recycled . | . . . . . Retrieved Matter . | . . . . . Parts Self-Destructed . | . . . . . Prevented . | . . . . . Parts Restored . | . . . . . Kills | -11 -10 -10 -10 -9 ------- Run | Yrd Mat Min Exi Min Combat Hostiles Destroyed 17 | . 17 . . . Guns 9 | . 9 . . . Cannons 7 | . 7 . . . AOE 1 | . 1 . . . Classes Destroyed 6 | . 6 . . . Worker 4 | . 4 . . . Hauler 1 | . 1 . . . Recycler 1 | . 1 . . . Watcher 3 | . 3 . . . Swarmer 9 | . 9 . . . Grunt 8 | . 8 . . . Best Kill Streak 6 | . 6 . . . Combat Bots Only 4 | . 4 . . . Max Kills in Single Turn 2 | . 2 . . . Gunslinging . | . . . . . Exploded 1 | . 1 . . . Melee . | . . . . . Uniques/NPCs Destroyed . | . . . . . Combat | -11 -10 -10 -10 -9 -------- Run | Yrd Mat Min Exi Min Hostile Shots Fired 131 | . 82 . . 49 Missed 43 | . 27 . . 16 Hits 88 | . 55 . . 33 Melee 1 | . . . . 1 Projectile 87 | . 55 . . 32 Critical Strikes 1 | . 1 . . . Damage Taken 1075 | . 584 . . 491 Core 175 | . 96 . . 79 Absorbed by Shields . | . . . . . Core Remaining (%) 100 | 100 . . . . Volleys Fired 58 | . 57 1 . . Largest 2 | . 2 1 . . Hottest 90 | . 90 45 . . Shots Fired 98 | . 97 1 . . Gun 56 | . 55 1 . . Cannon 42 | . 42 . . . Launcher . | . . . . . Special . | . . . . . Kinetic 42 | . 42 . . . Thermal . | . . . . . Explosive . | . . . . . Electromagnetic 56 | . 55 1 . . Robot Hit Streak 7 | . 7 . . . Robot Miss Streak 4 | . 4 . . . Penetration Max . | . . . . . Secondary Targets . | . . . . . Shots Hit Robots 49 | . 49 . . . Core Hits 34 | . 34 . . . Critical Kills . | . . . . . Critical Parts Destroyed . | . . . . . Critical Strikes 2 | . 2 . . . Blast 2 | . 2 . . . Melee Attacks . | . . . . . Impact . | . . . . . Slashing . | . . . . . Piercing . | . . . . . Sneak Attacks . | . . . . . Combat Hostiles . | . . . . . Follow-up Attacks . | . . . . . Damage Inflicted 1081 | . 1081 . . . Guns 504 | . 504 . . . Cannons 367 | . 367 . . . Explosions 210 | . 210 . . . Melee . | . . . . . Ramming . | . . . . . Kinetic 367 | . 367 . . . Thermal 210 | . 210 . . . Explosive . | . . . . . Electromagnetic 504 | . 504 . . . Impact . | . . . . . Slashing . | . . . . . Piercing . | . . . . . Highest Corruption . | . . . . . Average Corruption . | . . . . . Corruption Purged . | . . . . . Corruption Blocked . | . . . . . Overload Shots . | . . . . . Overflow Damage 26 | . 26 . . . Projectiles . | . . . . . Explosions 26 | . 26 . . . Melee . | . . . . . Knockbacks . | . . . . . Impact . | . . . . . Kinetic . | . . . . . Secondary . | . . . . . Self-Inflicted Damage 7 | . 7 . . . Shots 1 | . 1 . . . Rammed . | . . . . . Targets Rammed . | . . . . . Kicked . | . . . . . Crushed . | . . . . . Highest Temperature 154 | . 154 4 . 2 Average Temperature 31 | . 32 3 . 2 Received Heat Transfer 272 | . 192 . . 80 Siege Activations . | . . . . . Martial Activations . | . . . . . Shielding Activations . | . . . . . Robots Disrupted . | . . . . . Combat Hostiles . | . . . . . Robots Corrupted . | . . . . . Combat Hostiles . | . . . . . Parts Fried 1 | . 1 . . . Impact Corruptions . | . . . . . Robots Melted . | . . . . . Combat Hostiles . | . . . . . Parts Melted . | . . . . . Heat Transferred 350 | . 350 . . . Parts Sabotaged . | . . . . . Parts Stolen . | . . . . . Parts Stripped . | . . . . . Power Chain Reactions 4 | . 4 . . . Alert | -11 -10 -10 -10 -9 ------- Run | Yrd Mat Min Exi Min Maximum Alert Level 1 | . 1 . . . Low Security (%) 96 | 100 96 100 . 100 Level 1 3 | . 3 . . . Level 2 . | . . . . . Level 3 . | . . . . . Level 4 . | . . . . . Level 5 . | . . . . . High Security . | . . . . . Max Security . | . . . . . Peak Influence 216 | . 216 13 . . Initial 13 | . . 13 . . Average 73 | . 88 1 . . Influence Increases 517 | . 517 . . . Destroy 0b10 Robot/C 340 | . 340 . . . Destroy 0b10 Robot/NC 45 | . 45 . . . Destroy Leader 78 | . 78 . . . Successful Hack 17 | . 17 . . . Disable Machine 30 | . 30 . . . Destroy Structure 7 | . 7 . . . Influence Decreases 517 | . 483 34 . . Entered New Map 21 | . . 21 . . Time Decay 476 | . 463 13 . . Lost Part 20 | . 20 . . . Squads Dispatched 3 | . 3 . . . Investigation 1 | . 1 . . . Extermination . | . . . . . Reinforcement 2 | . 2 . . . Assault . | . . . . . Garrison . | . . . . . Intercept . | . . . . . Searches Triggered . | . . . . . Construction Impeded . | . . . . . Haulers Reinforced . | . . . . . Active Scanning Responses . | . . . . . Cargo Convoy Interrupts . | . . . . . Stealth | -11 -10 -10 -10 -9 --------- Run | Yrd Mat Min Exi Min Distress Signals 1 | . 1 . . . Communications Jammed . | . . . . . Distress Signals . | . . . . . Times Spotted 38 | . 22 . . 16 Peak Tracking Total 16 | . 6 . . 16 Tactical Retreats . | . . . . . Traps | -11 -10 -10 -10 -9 ------- Run | Yrd Mat Min Exi Min Traps Triggered 1 | . 1 . . . Indirectly . | . . . . . Trap Hack Attempts . | . . . . . Triggered . | . . . . . Disarmed . | . . . . . Reprogrammed . | . . . . . Reused . | . . . . . Traps Extracted . | . . . . . Installed . | . . . . . Triggered . | . . . . . Machines | -11 -10 -10 -10 -9 ---------- Run | Yrd Mat Min Exi Min Machines Disabled 2 | . 2 . . . Max in Single Turn 1 | . 1 . . . Machines Repaired . | . . . . . Machines Dismantled . | . . . . . Machines Sabotaged . | . . . . . Overloaded Fab Kills . | . . . . . Hacking | -11 -10 -10 -10 -9 --------- Run | Yrd Mat Min Exi Min Machines Accessed 6 | . 4 . 2 . Terminals 4 | . 4 . . . Fabricators . | . . . . . Repair Stations . | . . . . . Recycling Units . | . . . . . Scanalyzers . | . . . . . Garrison Access . | . . . . . Total Hacks 9 | . 7 . 2 . Successful 6 | . 4 . 2 . Failed 3 | . 3 . . . Catastrophic 1 | . 1 . . . Database Lockouts . | . . . . . Manual 8 | . 6 . 2 . Terminals 7 | . 7 . . . Fabricators . | . . . . . Repair Stations . | . . . . . Recycling Units . | . . . . . Scanalyzers . | . . . . . Garrison Access . | . . . . . Terminal Hacks 3 | . 1 . 2 . Record 1 | . . . 1 . Zone Layout 1 | . 1 . . . Proto ID Catalog 1 | . . . 1 . Fabricator Hacks . | . . . . . Repair Station Hacks . | . . . . . Recycling Unit Hacks . | . . . . . Scanalyzer . | . . . . . Garrison Access Hacks . | . . . . . Unauthorized Hacks 3 | . 3 . . . Terminals 3 | . 3 . . . Botnet 3 | . 3 . . . Fabricators . | . . . . . Repair Stations . | . . . . . Recycling Units . | . . . . . Scanalyzers . | . . . . . Garrison Access . | . . . . . Data Cores Recovered . | . . . . . Used . | . . . . . Hacking Detections 3 | . 3 . . . Full Trace Events 1 | . 1 . . . Feedback Events . | . . . . . Feedback Blocked . | . . . . . Robot Schematics Acquired . | . . . . . Robots Built . | . . . . . Authchips . | . . . . . Time . | . . . . . Total Robot Build Rating . | . . . . . Part Schematics Acquired . | . . . . . Parts Built . | . . . . . Authchips . | . . . . . Time . | . . . . . Total Part Build Rating . | . . . . . Part Studies Acquired . | . . . . . Parts Repaired . | . . . . . Time . | . . . . . Parts Recycled . | . . . . . Recycled Matter . | . . . . . Retrieved Matter . | . . . . . Retrieved Components . | . . . . . Parts Scanalyzed . | . . . . . Part Schematics Acquired . | . . . . . Parts Damaged . | . . . . . Bothacking | -11 -10 -10 -10 -9 ------------ Run | Yrd Mat Min Exi Min Used RIF Installer . | . . . . . Robots Hacked . | . . . . . Non-combat . | . . . . . Combat . | . . . . . Robot Hacks Applied . | . . . . . Relay Couplers Released . | . . . . . Fabnet Peak Effective % . | . . . . . Robots Rewired . | . . . . . Allies Hacked . | . . . . . Hacks Repelled . | . . . . . Allies | -11 -10 -10 -10 -9 -------- Run | Yrd Mat Min Exi Min Total Allies . | . . . . . Largest Group . | . . . . . Highest-Rated Group . | . . . . . Highest-Rated Ally . | . . . . . Total Orders . | . . . . . Ally Attacks . | . . . . . Total Damage . | . . . . . Kills . | . . . . . Allies Corrupted . | . . . . . Allies Melted . | . . . . . Intel | -11 -10 -10 -10 -9 ------- Run | Yrd Mat Min Exi Min Active Infowar (turns) 2125 | . 1576 209 340 . Terrain 2125 | . 1576 209 340 . Robot Analysis Total . | . . . . . Derelict Logs Recovered 1 | . . 1 . . Drone Launches . | . . . . . Drone Recoveries . | . . . . . Exploration | -11 -10 -10 -10 -9 ------------- Run | Yrd Mat Min Exi Min Turns Passed 2501 | 80 1614 209 572 26 Spaces Moved 990 | 45 610 87 238 10 Core 3 | 3 . . . . Treads 987 | 42 610 87 238 10 Legs . | . . . . . Wheels . | . . . . . Hover . | . . . . . Flight . | . . . . . Fastest Speed 50 | 50 160 240 240 240 Average Speed 231 | 152 232 240 240 240 Slowest Speed 240 | 160 240 240 240 240 Overloaded Moves . | . . . . . Propulsion Burnouts . | . . . . . Robots Hopped . | . . . . . Potential Cave-ins . | . . . . . Cave-ins Triggered . | . . . . . Exploration Rate (%) 36 | 4 89 22 61 8 Regions Visited 4 Branch Regions 3 Pre-discovered Areas 2 | . . 1 1 . Known Exits Taken . | . . . . . Unknown Exits Taken 4 | 1 1 1 1 . Scrap Searched . | . . . . . Spaces Dug . | . . . . . Terrain Destroyed 7 | . 7 . . . Melee . | . . . . . Projectile . | . . . . . AOE 7 | . 7 . . . Terrain Rammed . | . . . . . Walls Destroyed . | . . . . . Machines Disabled . | . . . . . Actions | -11 -10 -10 -10 -9 --------- Run | Yrd Mat Min Exi Min Total 1098 | 53 706 87 240 12 Wait 21 | . 21 . . . Move 986 | 44 609 86 237 10 Hop . | . . . . . Pick Up 11 | 2 9 . . . Fast Attach 8 | 6 1 . 1 . Attach 4 | . 1 . 1 2 Detach . | . . . . . Swap 9 | 1 8 . . . Drop 1 | . . . 1 . Fire 58 | . 57 1 . . Melee . | . . . . . Ram . | . . . . . Kick . | . . . . . Crush . | . . . . . Escape Stasis . | . . . . . Rewire . | . . . . . Trap . | . . . . . Miscellaneous . | . . . . . Route ------- -11/Scrapyard -10/Materials (discovered 5 exits: [*Mat x2] / [*Min x2] / [*Sub]) -10/Mines -10/Exiles -9/Mines History --------- Turn | Location | Event 24 | -11/Scrapyard | Discovered new exit (range 15) 81 | -11/Scrapyard | Entered Materials 272 | -10/Materials | Discovered new exit (range 15) 279 | -10/Materials | Discovered new exit (range 12) 318 | -10/Materials | Build established: Mutant 519 | -10/Materials | Discovered new exit (range 11) 572 | -10/Materials | Discovered new exit (range 17) 959 | -10/Materials | Discovered new exit (range 11) 1695 | -10/Materials | Entered Mines 1729 | -10/Mines | Learned location of Zion (-7) 1758 | -10/Mines | Found a Scrap Suit stashed away for nefarious purposes 1892 | -10/Mines | Deemed a non-threat by the Exiles lab entrance 1894 | -10/Mines | Discovered new exit (range 5) 1904 | -10/Mines | Entered Exiles 1964 | -10/Exiles | Met 8R-AWN 1998 | -10/Exiles | Met EX-HEX 2112 | -10/Exiles | Met EX-BIN 2153 | -10/Exiles | Aligned with FarCom system 2155 | -10/Exiles | Given EX-Vault access code 2232 | -10/Exiles | Opened EX-Vault 2247 | -10/Exiles | Found Trap Reconfigurator 2296 | -10/Exiles | Warned to stay clear of 0b10 Research branches 2363 | -10/Exiles | Met EX-DEC 2447 | -10/Exiles | Discovered new exit (range 14) 2476 | -10/Exiles | Left Exiles lab with Trap Reconfigurator 2476 | -10/Exiles | Entered Mines 2477 | -9/Mines | Assembled infested the area 2482 | -9/Mines | Assisted by a Guerilla fighting off Assembled 2500 | -9/Mines | Core integrity fell below 50% 2502 | -9/Mines | Self-destructed Last Messages --------------- I've been tracking a group of Assembled to figure out where they're coming from, and they're closing on this area, come on!" 02482_ 4P-3F5(h) knocked back. 02483_ as-01838 suffers critical hit (Destroy). 02483_ as-01838 knocked back. 02483_ EM Shotgun destroyed. 02485_ as-33905 suffers critical hit (Destroy). 02485_ as-33905 knocked back. 02491_ 4P-3F5(h) system corrupted by crushing effect. 02493_ HV Slug penetrates as-56541. 02493_ as-56541 suffers critical hit (Destroy). 02493_ as-56541 destroyed. 02493_ HV Slug penetrates as-01838. 02493_ as-01838 knocked back. 02493_ HV Slug penetrates as-01838. 02494_ 4P-3F5(h) system corrupted by crushing effect. 02495_ 4P-3F5(h) system terminally corrupted. 02495_ EM Shotgun destroyed. 02497_ Lgt. Treads destroyed. 02500_ Ion Engine destroyed. Map ----- +----------------------------------------------------+ | ????????????????????????????????????????? | | ????????????????????????????????????????? | | ????????????????????????????????????????? | | ????????????????????????????????????????? | | ????????????????????????????????????????? | | ????????????????????????????????????????? | | ????????????????????????????????????????? | | ????????????????????????????????????????? | | ????????????????????????????????????????? | | ????????????????????????????????????????? | | ????????????????????????????????????????? | | ????????????????????????????????????????? | | ????????????????????????????????????????? | | ????????????????????????????????????????? | | ????????????????????????????????????????? | | ????????????????????????????????????????? | | ??????g?????????????????????????????????? | | ???????l?????????????????????#??????????? | | ???????????????????????????? #??????????? | | ??????????????????????????? #??????????? | | ??????????????????????##### #??????????? | | ????????????????#####?# #??????????? | | ?????# ????????## ### ????????????? | | ??????# ###### ## %##?????????????? | | ??????# a %##????????????? | | ??????# @ % ### #?????? | | ???????# #### a a =a % % a #?????? | | ??????????????# aa %a aa % #?????? | | ?????????????# %#### #????? | | ????????????# ####???? #??? | | ????????????### ######???????? ## " #?? | | ??????????????###??????????????????? ##?? | | ????????????????????????????????????????? | | ????????????????????????????????????????? | | | | | | | | | | | | | | | | | | | | | | | | | | | | | | | | | +----------------------------------------------------+ Best States ------------- Heat Dissipation 25 Energy Generation 10 Energy Capacity 250 Matter Stores 300 Matter Capacity 300 Sight Range 16 Terrain Scan Range 14 Terrain Scan Density 10 Evasion (%) 40 Recoil Reduction 2 Item Schematics ----------------- None Robot Schematics ------------------ None Fabricated ------------ Nothing Repaired ---------- Nothing Studied --------- None Alien Tech Used ----------------- None Achievements -------------- None Challenges ------------ None Game ------ Seed SeismicDecoyMaxwheels Manual? 0 Play Time 00:14:02 Cumulative 76.5 hours Start 2026.06.24 @ 22:55:58 End 2026.06.25 @ 01:19:35 Sessions 1 Manual Loads 0 Difficulty Rogue Special Mode None Game No. 127 Rogue 127 Adventurer 0 Explorer 0 Win Type - Total 0 Types 0/0/0/0/0/0/0/0/0/0 Lore% 21 Gallery% 31 Achievement% 27 Wizard Run 0 Options --------- Layout 0 ASCII 0 Keyboard 0 Movement Mouse Keybinds 0 Fullscreen 1 Font 24/Smallcaps Map View 38x25 Zoom Use 98% Tactical HUD 1 Map Filters NONE Filters NONE Steam 1 RUN: fed96301-5e39-4389-adc4-64caa655c482